Map: Daybreak LE (Void)

Players

Cham

  • Race: Zerg Zerg
  • Spawn Location: 1:00

ShoWTimE - Winner!

  • Race: Protoss Protoss
  • Spawn Location: 7:00

Event: WESG 2016 Finals

VOD

Have the link to the VOD?

Description

Time

  • Played on: Jan. 13, 2017, 2:05 a.m.
  • Length: 9:02

All games in this series

Show
View Real Time Build Order
Export as new Build Order

Cham Zerg 

Build Orders: Pool First 

Get SALT Encoding   

  12  0:00  Drone  
  13  0:08  Drone  
  14  0:17  Overlord  
  14  0:35  Drone x3  
  17  0:56  Drone, Spawning Pool  
  17  0:58  Drone  
  18  1:19  Hatchery  
  18  1:21  Drone  
  18  1:24  Drone  
  19  1:26  Extractor  
  18  1:38  Drone  
  19  1:44  Zergling x2  
  20  1:54  Hatchery  
  20  1:57  Drone  
  20  2:04  Queen  
  22  2:11  Overlord  
  22  2:29  Drone x2  
  24  2:32  Queen  
  24  2:33  Drone  
  24  2:35  Drone  
  28  2:42  Zergling x2  
  29  2:46  Zergling x2  
  29  2:53  Zergling x2  
  29  2:54  Queen  
  29  2:55  Drone  
  33  3:04  Drone  
  34  3:08  Metabolic Boost  
  34  3:12  Zergling x4  
  36  3:15  Drone  
  37  3:23  Drone x4  
  37  3:26  Overlord  
  41  3:28  Drone  
  41  3:31  Overlord  
  42  3:40  Spore Crawler  
  41  3:43  Spore Crawler x2, Zergling x2  
  41  3:44  Drone  
  41  3:46  Drone  
  41  3:48  Drone  
  43  3:51  Drone  
  43  3:55  Drone  
  45  3:56  Overlord  
  45  3:57  Drone  
  45  3:59  Drone  
  45  4:02  Drone  
  48  4:03  Drone  
  48  4:06  Drone  
  49  4:11  Drone  
  49  4:13  Drone  
  49  4:14  Drone x2  
  49  4:16  Drone  
  54  4:18  Drone  
  54  4:20  Zergling x2  
  54  4:24  Drone, Overlord, Zergling x2  
  57  4:26  Drone  
  59  4:31  Drone  
  59  4:32  Drone x2  
  59  4:34  Drone  
  63  4:39  Overlord  
  63  4:42  Evolution Chamber  
  63  4:43  Roach Warren  
  61  4:46  Drone x2  
  61  4:49  Drone x2  
  65  4:55  Drone  
  65  4:57  Drone  
  63  5:00  Overlord  
  63  5:02  Lair  
  63  5:03  Drone  
  63  5:04  Drone x3, Extractor  
  63  5:05  Drone x2  
  68  5:10  Overlord  
  68  5:11  Drone x2  
  68  5:14  Drone x2  
  72  5:15  Drone  
  72  5:17  Zergling x4  
  72  5:19  Zergling x2  
  72  5:20  Drone x2  
  78  5:23  Drone x2  
  78  5:25  Overlord  
  80  5:30  Drone  
  80  5:34  Zerg Melee Weapons Level 1, Extractor  
  80  5:35  Extractor, Drone x2  
  79  5:38  Overlord  
  79  5:43  Extractor  
  79  5:45  Extractor  
  79  5:46  Overlord  
  79  5:47  Drone x2  
  79  5:53  Drone x2, Overlord  
  79  5:54  Hatchery  
  80  5:57  Drone  
  80  5:58  Drone  
  80  5:59  Drone  
  80  6:00  Overlord  
  83  6:06  Overlord  
  83  6:07  Drone x2  
  85  6:12  Baneling Nest  
  85  6:14  Queen x2  
  85  6:16  Queen  
  90  6:24  Drone  
  90  6:25  Drone x4  
  91  6:29  Overlord  
  91  6:32  Hatchery  
  89  6:37  Glial Reconstitution, Overlord  
  89  6:39  Drone x5  
  94  6:41  Drone x2  
  94  6:43  Drone  
  97  6:48  Overlord  
  97  6:49  Drone x4  
  97  6:50  Drone  
  101  7:03  Overlord  
  101  7:04  Centrifical Hooks  
  102  7:08  Drone x3  
  102  7:09  Drone x3  
  102  7:13  Extractor  
  102  7:14  Extractor, Overlord  
  105  7:17  Overlord  
  104  7:26  Drone  
  104  7:27  Hatchery  
  104  7:29  Queen  
  106  7:32  Hatchery  
  103  7:37  Drone x3  
  103  7:38  Drone  
  103  7:39  Roach  
  103  7:40  Roach x4  
  116  7:47  Spore Crawler  
  116  7:48  Overlord  
  116  7:49  Drone  
  116  7:53  Roach x3  
  116  7:55  Roach  
  116  7:58  Roach  
  126  7:59  Overlord  
  126  8:00  Roach  
  126  8:01  Roach  
  126  8:02  Roach  
  126  8:04  Roach  
  134  8:06  Roach  
  134  8:09  Roach  
  134  8:11  Baneling x9  
  134  8:12  Baneling x2  
  138  8:13  Baneling  
  138  8:14  Roach  
  138  8:16  Roach  
  138  8:19  Roach x2  
  146  8:22  Roach x2  
  146  8:23  Roach  
  146  8:25  Roach  
  146  8:26  Roach  
  156  8:27  Ravager, Roach  
  156  8:28  Ravager x2  
  159  8:34  Roach x3  
  159  8:35  Roach  
  159  8:39  Roach  
  155  8:44  Zergling x2  
Show
View Real Time Build Order
Export as new Build Order

ShoWTimE Protoss - Winner!

Build Orders: 1 Gate Expand, Oracle Opening, Zealot Archon 

Get SALT Encoding   

  12  0:00  Probe (Chrono Boost)  
  13  0:11  Probe (Chrono Boost)  
  14  0:19  Pylon  
  14  0:22  Probe (Chrono Boost)  
  15  0:37  Probe (Chrono Boost)  
  15  0:39  Gateway  
  16  0:45  Assimilator  
  16  0:48  Probe (Chrono Boost)  
  17  0:59  Probe (Chrono Boost)  
  17  1:02  Pylon  
  18  1:09  Probe (Chrono Boost)  
  19  1:24  Nexus  
  19  1:28  Probe (Chrono Boost)  
  20  1:37  Cybernetics Core  
  20  1:40  Probe (Chrono Boost)  
  20  1:46  Assimilator  
  21  1:51  Probe (Chrono Boost)  
  22  1:56  Pylon  
  22  2:01  Probe (Chrono Boost)  
  23  2:11  Adept  
  23  2:14  Warp Gate  
  26  2:16  Probe (Chrono Boost)  
  26  2:28  Probe (Chrono Boost)  
  27  2:33  Stargate  
  27  2:34  Adept  
  27  2:36  Probe (Chrono Boost)  
  28  2:40  Probe (Chrono Boost)  
  31  2:47  Probe (Chrono Boost)  
  33  2:53  Probe (Chrono Boost)  
  33  2:54  Pylon  
  33  2:57  Probe (Chrono Boost)  
  34  3:02  Adept  
  34  3:05  Probe (Chrono Boost)  
  37  3:08  Probe (Chrono Boost)  
  37  3:12  Oracle  
  38  3:17  Probe (Chrono Boost)  
  43  3:20  Probe (Chrono Boost)  
  43  3:27  Gateway  
  43  3:29  Probe (Chrono Boost)  
  43  3:33  Probe (Chrono Boost)  
  45  3:41  Probe (Chrono Boost)  
  46  3:43  Oracle  
  46  3:44  Probe (Chrono Boost)  
  47  3:52  Pylon  
  47  3:54  Probe x2 (Chrono Boost)  
  52  4:01  Nexus  
  52  4:06  Probe x2 (Chrono Boost), Pylon  
  57  4:17  Mothership Core (Chrono Boost)  
  57  4:18  Probe (Chrono Boost)  
  57  4:21  Adept  
  57  4:22  Adept  
  61  4:29  Void Ray  
  61  4:30  Probe (Chrono Boost), Assimilator  
  62  4:32  Assimilator  
  62  4:35  Probe (Chrono Boost)  
  62  4:37  Pylon  
  67  4:42  Probe (Chrono Boost)  
  69  4:45  Probe (Chrono Boost)  
  69  4:47  Gateway  
  69  4:54  Probe (Chrono Boost)  
  69  4:56  Probe (Chrono Boost)  
  71  5:04  Sentry, Zealot  
  71  5:06  Probe x2 (Chrono Boost)  
  77  5:07  Forge  
  77  5:11  Pylon  
  77  5:17  Probe (Chrono Boost)  
  77  5:18  Probe (Chrono Boost)  
  77  5:19  Probe (Chrono Boost)  
  80  5:28  Probe (Chrono Boost), Pylon, Protoss Ground Weapons Level 1  
  81  5:29  Probe (Chrono Boost)  
  81  5:31  Probe (Chrono Boost)  
  81  5:34  Zealot  
  81  5:35  Zealot, Robotics Facility  
  87  5:37  Robotics Facility  
  87  5:38  Probe (Chrono Boost)  
  87  5:42  Probe (Chrono Boost)  
  90  5:43  Probe (Chrono Boost)  
  90  5:49  Probe (Chrono Boost)  
  91  5:52  Photon Cannon, Probe (Chrono Boost)  
  91  5:54  Twilight Council  
  91  5:55  Probe (Chrono Boost)  
  93  5:59  Probe (Chrono Boost)  
  93  6:02  Sentry, Zealot  
  93  6:03  Probe (Chrono Boost)  
  99  6:04  Assimilator  
  99  6:07  Probe (Chrono Boost)  
  99  6:09  Assimilator  
  99  6:10  Probe (Chrono Boost)  
  101  6:13  Probe (Chrono Boost)  
  101  6:14  Gateway x2  
  103  6:25  Immortal  
  103  6:28  Observer  
  103  6:31  Charge  
  107  6:35  Gateway  
  107  6:37  Gateway  
  107  6:38  Gateway  
  107  6:45  Pylon  
  107  6:46  Pylon  
  107  6:54  Pylon  
  107  6:57  Pylon  
  107  6:58  Immortal  
  107  6:59  Immortal, Pylon  
  115  7:12  Templar Archives  
  115  7:18  Nexus  
  115  7:20  Pylon  
  115  7:29  Zealot x5  
  125  7:32  Immortal  
  129  7:48  Pylon  
  129  7:49  Photon Cannon  
  129  7:50  Warp Prism, High Templar x2  
  129  7:51  Zealot x4, High Templar x2  
  137  7:56  Archon  
  137  7:57  Archon  
  147  8:08  Immortal  
  147  8:13  Gateway  
  147  8:14  Gateway  
  151  8:22  High Templar x2  
  151  8:23  Zealot  
  151  8:25  Zealot x4  
  165  8:28  Archon  
  153  8:51  Zealot x6  
  167  8:59  Assimilator  
  167  9:00  Assimilator  
Tags
 
Add a new tag
Caveats
  • Supply blocks, unpowered buildings, or Contaminate may cause inaccurate times.
  • Supply counts are checked every 10 seconds.